 Dungeon Sprint DCSS version 0.32-a0-22-g6ae6769602 (webtiles) character file.

Game seed: 12142043396321158559

1280 fozzywoppz the Unseen (level 8, 0/49 (53) HPs)
             Began as a Kobold Brigand on Jan 18, 2024.
             Was a Believer of Uskayaw.
             Killed from afar by Josephine (10 damage)
             ... with a ghostly fireball
             ... in the Dungeon (Sprint III: "The Ten Rune Challenge").
             The game lasted 00:04:38 (265 turns).

fozzywoppz the Unseen (Kobold Brigand)               Turns: 265, Time: 00:04:39

HP:   0/49 (53)     AC:  4    Str:  9    XL:     8   Next: 84%
MP:   8/8           EV: 22    Int: 12    God:    Uskayaw [**....]
Gold: 27            SH:  0    Dex: 18    Spells: 7/7 levels left

rFire   . . .        a - +2 dagger
rCold   . . .        (no shield)
rNeg    . . .        b - +0 robe
rPois   .            p - +0 helmet
rElec   .            c - +0 cloak
rCorr   .            (no gloves)
SInv    .            (no boots)
Will    .....        (no amulet)
Stlth   ++++++++     (no ring)
HPRegen 0.28/turn    (no ring)
MPRegen 0.11/turn

%: no teleportation
@: drained
A: small, no large weapons, nightstalker 3
a: Renounce Religion, Stomp, Line Pass


You were in the Dungeon.
You worshipped Uskayaw.
Uskayaw was noncommittal.
You visited 1 branch You collected 27 gold pieces.

Inventory:

Hand Weapons
 a - a +2 dagger (weapon)
 l - a +0 short sword
Missiles
 d - 7 poisoned darts (quivered)
 e - 2 curare-tipped darts
Armour
 b - a +0 robe (worn)
 c - a +0 cloak (worn)
 p - a +0 helmet (worn)
Wands
 q - a wand of paralysis (6)
Scrolls
 k - a scroll of blinking
 m - a scroll of immolation
 n - a scroll of identify
 o - 2 scrolls of poison
Potions
 f - 2 potions of curing
 g - 2 potions of mutation
 h - 2 potions of haste
 i - 4 potions of magic
 j - a potion of berserk rage
Miscellaneous
 r - a phial of floods


   Skills:
 + Level 7.4 Fighting
 - Level 10.0 Short Blades
 - Level 5.0 Throwing
 + Level 11.8 Dodging
 + Level 16.6 Stealth
 + Level 0.0 Invocations


You had 7 spell levels left.
You didn't know any spells.
Your spell library contained the following spells:

 Spells                   Type           Power      Damage    Failure   Level
 Lesser Beckoning         Tloc           0%         N/A       45%         2
 Gell's Gravitas          Tloc           0%         N/A       69%         3
 Teleport Other           Tloc           0%         N/A       69%         3


Dungeon Overview and Level Annotations

Branches:
Dungeon (1/1)

Altars:
Cheibriados
Dithmenos
Elyvilon
Fedhas
Gozag
Hepliaklqana
Kikubaaqudgha
Makhleb
Nemelex Xobeh
Okawaru
Qazlal
Ru
Sif Muna
Trog
Uskayaw
Vehumet
Wu Jian
Xom
Yredelemnul
Zin
The Shining One
Jiyva
Lugonu

Annotations:
D Josephine


Innate Abilities, Weirdness & Mutations

You are small and have problems with some larger weapons.
You are completely attuned to the shadows.


Message History

Okay, then.
You hit Josephine.
Josephine is lightly wounded.
You hit Josephine.
Josephine is moderately wounded.
Josephine hits you with a +0 dagger!
You can now pass through a line of other dancers.
Josephine attacks as she pursues you! Josephine hits you with a +0 dagger.
* * * LOW HITPOINT WARNING * * *
Throw: 9 darts (poison)
Press: ? - help, Q - select action, (/) - cycle Shift-Dir - straight line, f - Josephine
Aim: Josephine, wielding a +0 dagger and wearing a +0 robe (black smoke, moderately wounded, 64% to hit)
You throw a poisoned dart. The poisoned dart hits Josephine!
Josephine is poisoned.
Josephine is moderately wounded.
Throw: 8 darts (poison)
Press: ? - help, Q - select action, (/) - cycle Shift-Dir - straight line, f/p - Josephine
Aim: Josephine, wielding a +0 dagger and wearing a +0 robe (black smoke, moderately wounded, very poisoned, 64% to hit)
You throw a poisoned dart.
The poisoned dart barely misses Josephine.
Josephine hits you with a +0 dagger.
* * * LOW HITPOINT WARNING * * *
Okay, then.
What are your orders? t - Shout!
Orders for allies: a - Attack new target. p - Attack previous target. r - Retreat! s - Stop attacking. g - Guard the area. f - Follow me.
Anything else - Cancel.
Okay, then.
Throw: 3 darts (curare)
Press: ? - help, Q - select action, (/) - cycle Shift-Dir - straight line, f/p - Josephine
Aim: Josephine, wielding a +0 dagger and wearing a +0 robe (black smoke, moderately wounded, very poisoned, 64% to hit)
You throw a curare-tipped dart. The curare-tipped dart hits Josephine.
Josephine looks as sick as possible!
Josephine struggles to breathe.
Josephine seems to slow down.
Josephine is moderately wounded.
Josephine points at you and mumbles some strange words.
The ghostly flame explodes!
The ghostly fireball engulfs you!
You feel drained.
You die...

##..#___#___#__#
.#..#)..#__)#._#
.#..###'#'###'##
'#..#..........#
#...'.⌠........#
#...#...######'#
....#.⌠.#__#...#+#####
....#...#__#...#§@§~~+
....#'###__#...#@#§~§#
....#.))#__#...'§#.§§#
....#___#__'...#.#.§.#
▓▓▓▓▓▓▓▓▓▓▓▓▓▓▓▓▓▓▓▓▓▓


You could see Josephine (extremely poisoned, slow).

Vanquished Creatures
  A deep elf pyromancer (D)
  A shadow (D)
  A spatial vortex (D)
  A necrophage (D)
  A water elemental (D)
  An arcanist (D)
  A jelly (D)
  Jessica (D)
  A necromancer (D)
  3 humans (D)
  A kobold demonologist (D)
  A wolf (D)
  2 endoplasms (D)
  A rat (D)
17 creatures vanquished.

Notes
Turn   | Place    | Note
-------+----------+-------------------------------------------
     0 | D        | fozzywoppz the Kobold Brigand began the quest for the Orb.
     0 | D        | Reached XP level 1. HP: 12/12 MP: 1/1
    23 | D        | Noticed Jessica
    27 | D        | Killed Jessica
    28 | D        | Reached skill level 6 in Stealth
    28 | D        | Reached XP level 2. HP: 20/20 MP: 2/2
    28 | D        | Reached XP level 3. HP: 24/24 MP: 3/3
    61 | D        | Reached skill level 5 in Short Blades
    61 | D        | Reached skill level 7 in Stealth
    96 | D        | HP: 1/24 [human (2)]
    98 | D        | Reached XP level 4. HP: 30/30 MP: 4/4
   135 | D        | Noticed a water elemental
   138 | D        | Killed a water elemental
   139 | D        | Reached skill level 5 in Dodging
   139 | D        | Reached skill level 8 in Stealth
   139 | D        | Reached XP level 5. HP: 34/34 MP: 5/5
   142 | D        | Found a radiant altar of Vehumet.
   143 | D        | Found a shimmering blue altar of Sif Muna.
   143 | D        | Found an ancient bone altar of Kikubaaqudgha.
   145 | D        | Reached skill level 9 in Stealth
   159 | D        | Found a glowing silver altar of Zin.
   160 | D        | Found a glowing golden altar of the Shining One.
   160 | D        | Found a white marble altar of Elyvilon.
   160 | D        | Noticed a deep elf pyromancer
   162 | D        | Killed a deep elf pyromancer
   163 | D        | Reached skill level 10 in Short Blades
   163 | D        | Reached skill level 10 in Dodging
   163 | D        | Reached skill level 15 in Stealth
   163 | D        | Reached XP level 6. HP: 40/40 MP: 6/6
   163 | D        | Reached XP level 7. HP: 44/44 MP: 7/7
   168 | D        | Found a hide-covered altar of Uskayaw.
   168 | D        | Found an iron altar of Okawaru.
   169 | D        | Found a bloodstained altar of Trog.
   169 | D        | Found an ornate altar of the Wu Jian Council.
   169 | D        | Noticed a human
   169 | D        | Noticed a human
   171 | D        | Killed a human
   172 | D        | Reached skill level 5 in Fighting
   172 | D        | Reached XP level 8. HP: 51/51 MP: 8/8
   172 | D        | Killed a human
   196 | D        | Found a shadowy altar of Dithmenos.
   197 | D        | Found a basalt altar of Yredelemnul.
   197 | D        | Found a sacrificial altar of Ru.
   212 | D        | Became a worshipper of Uskayaw the Reveller
   220 | D        | Noticed a shadow
   222 | D        | Killed a shadow
   222 | D        | Reached * piety under Uskayaw
   223 | D        | Reached skill level 5 in Throwing
   223 | D        | Reached skill level 16 in Stealth
   226 | D        | Reached ** piety under Uskayaw
   228 | D        | Found a blossoming altar of Fedhas.
   228 | D        | Found a stormy altar of Qazlal.
   228 | D        | Found a snail-covered altar of Cheibriados.
   228 | D        | Found a burning altar of Makhleb.
   228 | D        | Found a shimmering altar of Xom.
   229 | D        | Found a hazy altar of Hepliaklqana.
   229 | D        | Found an opulent altar of Gozag.
   229 | D        | Found a sparkling altar of Nemelex Xobeh.
   229 | D        | Found a corrupted altar of Lugonu.
   229 | D        | Found a viscous altar of Jiyva.
   248 | D        | Noticed Josephine
   265 | D        | Killed from afar by Josephine

Illustrated notes

Levels and vault maps discovered:
D:        dungeon_sprint_mu [sprint_mu_entry_cave, sprint_mu_temple_rooms,
          sprint_mu_d1_horrors, sprint_mu_d2_genie, sprint_mu_d3_branching,
          sprint_mu_orc_legion, sprint_mu_elf_gauntlet, sprint_mu_hive_nellie,
          sprint_mu_lair_fedhas, sprint_mu_vaults_butterflies,
          sprint_mu_slime_circle, sprint_mu_shoals_archi,
          sprint_mu_snake_twists, sprint_mu_blade_basic,
          sprint_mu_crypt_chambers, sprint_mu_tomb_spiral,
          sprint_mu_vestibule_basic, sprint_mu_gehenna_hellfire,
          sprint_mu_dis_giant, sprint_mu_tartarus_statrot,
          sprint_mu_cocytus_islands, sprint_mu_zot1]

Skill      XL: |  1  2  3  4  5  6  7  8 |
---------------+-------------------------+-----
Short Blades   | 4 5 6 10 | 10.0
Dodging        | 3 4 5 10 11 | 11.8
Fighting       | 3 4 5 7 |  7.4
Stealth        | 6 7 8 15 16 | 16.6
Throwing       | 3 5 |  5.0

Action                     |  1- 3 |  4- 6 |  7- 9 || total
---------------------------+-------+-------+-------++-------
  Melee: Dagger            |    26 |     4 |    14 ||    44
         Punch             |     1 |       |       ||     1
  Throw: Dart              |     4 |       |     3 ||     7
    Use: Potion            |     1 |       |       ||     1
         Scroll            |       |     3 |       ||     3
   Stab: Sleeping          |     4 |     4 |     7 ||    15
 Armour: Robe              |    13 |       |     5 ||    18
  Dodge: Dodged            |    13 |       |     1 ||    14

Table legend: (Time is in decaauts)
 A = Elapsed time spent in this place.
 B = Non-inter-level travel time spent in this place.
 C = Inter-level travel time spent in this place.
 D = Time resting spent in this place.
 E = Time spent auto-exploring this place.
 F = Levels seen in this place.
 G = Mean time per level.
                   A        B        C        D        E       F      G
               +--------+--------+--------+--------+--------+-----+--------+
         Total |    250 |    250 |      0 |      0 |      0 |   1 |  250.0 |
       Dungeon |    250 |    250 |      0 |      0 |      0 |   1 |  250.0 |
               +--------+--------+--------+--------+--------+-----+--------+

Top non-repeatable levels by time:
       D: 250 daAuts
